 Dungeon Crawl Stone Soup version 0.32-a0-22-g6ae6769602 (webtiles) character file.

Game seed: 10515848922254016225

3966068 Implojin the Wrestler (level 24, 202/225 HPs)
             Began as a Demigod Wanderer on Jan 18, 2024.
             Escaped with the Orb
             ... and 5 runes
             ... and 5 gems (all intact)!
             The game lasted 03:31:22 (60305 turns).

Implojin the Wrestler (Demigod Wanderer)           Turns: 60305, Time: 03:31:22

Health: 202/225    AC: 25    Str: 40    XL:     24   Next: 43%
Magic:  27/27      EV: 39    Int:  7    God:
Gold:   3727       SH: 21    Dex: 35    Spells: 23/23 levels left

rFire   + +          .
                       - Unarmed
rCold   + . .        n - +5 Storm Queen's Shield {shock, Fly rElec}
rNeg    . . .        c - +6 faerie dragon scales {rCorr Stlth+}
rPois   .            O - +2 hat {Will+}
rElec   +            A - scarf {rC+ rF+}
rCorr   +            F - +2 pair of gloves {Dex+3}
SInv    .            G - +2 pair of boots {Fly}
Will    +++++        E - amulet "Uqest" {RegenMP Rampage *Corrode Regen+ Dex+3}
Stlth   ++           p - ring "Apeast" {Wiz rElec Will+++ Str-2 Dex+2}
HPRegen 1.37/turn    H - ring of Lucidity {rF+ rCorr Str+6}
MPRegen 0.60/turn

%: corrode self (3%), rampage, wizardry (x1)
@: flying, studying Necromancy
A: high MP 1, forlorn, divine attributes, fangs 1, dopey 2, screaming 1, strong
1
0: Orb of Zot
}: 5/15 runes: serpentine, barnacled, slimy, silver, abyssal
a: no special abilities


You escaped.
You visited 11 branches of the dungeon, and saw 55 of its levels.
You visited the Abyss 1 time.
You also visited: Ice Cave and Volcano.

You collected 6929 gold pieces.
You spent 3202 gold pieces at shops.

Inventory:

Missiles
 b - 10 curare-tipped darts
 t - 20 javelins
 x - 27 boomerangs (quivered)
 y - 9 atropa-tipped darts
 D - 9 silver javelins
 V - 8 throwing nets
Armour
 c - the +6 faerie dragon scales (worn) {rCorr Stlth+}
   (You took it off the Enchantress on level 4 of the Depths)

   rCorr:     It protects you from acid and corrosion.
   Stlth+:    It makes you more stealthy.
 n - the +5 Storm Queen's Shield (worn) {shock, Fly rElec}
   (You found it on level 5 of the Pits of Slime)

   Shock:     When it blocks an attack, it may electrocute the attacker.
   This works even against foes who are a short distance away.
   rElec:     It insulates you from electricity.
   Fly:       It grants you flight.
 A - a scarf of resistance (worn)
 F - a +2 pair of gloves of dexterity (worn)
 G - a +2 pair of boots of flying (worn)
 M - the +0 hat of the Game Afoot {Fly rCorr Int+8 Dex-2}
   (You found it on level 3 of the Crypt)

   Int+8:     It affects your intelligence (+8).
   Dex-2:     It affects your dexterity (-2).
   Fly:       It grants you flight.
   rCorr:     It protects you from acid and corrosion.
 O - a +2 hat of willpower (worn)
Jewellery
 j - the amulet of Hehad {Faith rF++}
   (You found it on level 3 of the Crypt)

   [amulet of faith]

   Faith:     It allows you to gain divine favour quickly.
   rF++:      It greatly protects you from fire.
 p - the ring "Apeast" (left hand) {Wiz rElec Will+++ Str-2 Dex+2}
   (You found it on level 4 of the Shoals)

   [ring of wizardry]

   Wiz:       It improves your spell success rate.
   Str-2:     It affects your strength (-2).
   Dex+2:     It affects your dexterity (+2).
   rElec:     It insulates you from electricity.
   Will+++:   It greatly increases your willpower.
 s - a ring of poison resistance
 v - a ring of see invisible
 E - the amulet "Uqest" (around neck) {RegenMP Rampage *Corrode Regen+ Dex+3}
   (You bought it in a shop on level 4 of the Dungeon)

   [amulet of magic regeneration]

   RegenMP:   It increases your rate of magic regeneration.
   Dex+3:     It affects your dexterity (+3).
   Regen+:    It increases your rate of health regeneration.
   *Corrode:  It may corrode you when you take damage.
   Rampage:   It bestows one free step when moving towards enemies.
 H - the ring of Lucidity (right hand) {rF+ rCorr Str+6}
   (You took it off a merfolk impaler on level 4 of the Shoals)

   [ring of resist corrosion]

   Str+6:     It affects your strength (+6).
   rF+:       It protects you from fire.
   rCorr:     It protects you from acid and corrosion.
 U - the amulet of the Echidna {RegenMP *Corrode Will++ Int+3}
   (You found it on level 3 of the Crypt)

   [amulet of magic regeneration]

   RegenMP:   It increases your rate of magic regeneration.
   Int+3:     It affects your intelligence (+3).
   Will++:    It greatly increases your willpower.
   *Corrode:  It may corrode you when you take damage.
Wands
 d - a wand of light (4)
 r - a wand of paralysis (5)
 K - a wand of digging (1)
Scrolls
 e - 4 scrolls of enchant armour
 i - 9 scrolls of teleportation
 k - 9 scrolls of poison
 B - a scroll of blinking
 L - 4 scrolls of vulnerability
 P - 3 scrolls of fear
Potions
 l - 9 potions of enlightenment
 m - 4 potions of attraction
 q - 3 potions of resistance
 w - 9 potions of curing
 J - 9 potions of mutation
 N - 7 potions of cancellation
 Q - a potion of berserk rage
 R - a potion of haste
 S - 3 potions of invisibility
 T - 4 potions of magic
Miscellaneous
 g - a phial of floods
 h - a phantom mirror
 u - a lightning rod (4/4)
 X - a condenser vane
 Y - a sack of spiders


   Skills:
 * Level 20.5 Fighting
 - Level 4.0 Short Blades
 - Level 1.7 Polearms
 - Level 5.0 Throwing
 - Level 15.0 Armour
 - Level 21.3 Dodging
 - Level 4.0 Stealth
 - Level 12.0 Shields
 - Level 25.0 Unarmed Combat
 - Level 12.0 Evocations


You had 23 spell levels left.
You didn't know any spells.
Your spell library contained the following spells:

 Spells                   Type           Power      Damage    Failure   Level
 Apportation              Tloc           0%         N/A       26%         1
 Magic Dart               Conj           0%         1d3       26%         1
 Sandblast                Erth           0%         2d4       26%         1
 Shock                    Conj/Air       0%         1d3       26%         1
 Slow                     Hex            0%         N/A       26%         1
 Summon Small Mammal      Summ           0%         N/A       26%         1
 Blink                    Tloc           0%         N/A       38%         2
 Call Imp                 Summ           0%         N/A       38%         2
 Cigotuvi's Dreadful Rot  Necr/Alch/Air  0%         N/A       38%         2
 Ensorcelled Hibernation  Hex/Ice        0%         N/A       38%         2
 Jinxbite                 Hex            0%         N/A       38%         2
 Lesser Beckoning         Tloc           0%         N/A       38%         2
 Mercury Vapours          Alch/Air       0%         N/A       38%         2
 Momentum Strike          Conj/Tloc      0%         3d8       38%         2
 Scorch                   Fire           0%         2d5       38%         2
 Searing Ray              Conj           0%         2d4       38%         2
 Static Discharge         Conj/Air       0%         3-3/arc   38%         2
 Sublimation of Blood     Necr           0%         N/A       38%         2
 Call Canine Familiar     Summ           0%         N/A       61%         3
 Confusing Touch          Hex            0%         N/A       61%         3
 Dazzling Flash           Conj/Hex       0%         N/A       61%         3
 Fugue of the Fallen      Necr           0%         N/A       61%         3
 Gell's Gravitas          Tloc           0%         N/A       61%         3
 Inner Flame              Hex/Fire       0%         N/A       61%         3
 Mephitic Cloud           Conj/Alch/Air  0%         N/A       61%         3
 Ozocubu's Armour         Ice            0%         N/A       61%         3
 Passwall                 Erth           0%         N/A       61%         3
 Sigil of Binding         Hex            0%         N/A       61%         3
 Stone Arrow              Conj/Erth      0%         3d7       61%         3
 Summon Ice Beast         Ice/Summ       0%         N/A       61%         3
 Swiftness                Air            0%         N/A       61%         3
 Teleport Other           Tloc           0%         N/A       61%         3
 Tukima's Dance           Hex            0%         N/A       61%         3
 Vampiric Draining        Necr           0%         2d6       61%         3
 Volatile Blastmotes      Fire/Tloc      0%         2d10      61%         3
 Airstrike                Air            0%         2d(0-16)  93%         4
 Anguish                  Hex/Necr       0%         N/A       93%         4
 Animate Armour           Summ/Erth      0%         N/A       93%         4
 Animate Dead             Necr           0%         N/A       93%         4
 Brom's Barrelling Bould  Conj/Erth      0%         2d3       93%         4
 Dimensional Bullseye     Hex/Tloc       0%         N/A       93%         4
 Flame Wave               Conj/Fire      0%         2d4       93%         4
 Fulminant Prism          Conj/Alch      0%         3d5       93%         4
 Ignite Poison            Fire/Alch      0%         N/A       93%         4
 Iskenderun's Mystic Bla  Conj/Tloc      0%         2d3       93%         4
 Leda's Liquefaction      Alch/Erth      0%         N/A       93%         4
 Manifold Assault         Tloc           0%         N/A       93%         4
 Olgreb's Toxic Radiance  Alch           0%         N/A       93%         4
 Passage of Golubria      Tloc           0%         N/A       93%         4
 Petrify                  Alch/Erth      0%         N/A       93%         4
 Sticky Flame             Fire/Alch      0%         2d4       93%         4
 Summon Blazeheart Golem  Fire/Summ      0%         N/A       93%         4
 Summon Lightning Spire   Summ/Air       0%         N/A       93%         4
 Vhi's Electric Charge    Tloc/Air       0%         N/A       93%         4
 Alistair's Intoxication  Alch           0%         N/A       99%         5
 Arcjolt                  Conj/Air       0%         1d10      99%         5
 Borgnjor's Vile Clutch   Necr/Erth      0%         N/A       99%         5
 Fireball                 Conj/Fire      0%         3d3       99%         5
 Freezing Cloud           Conj/Ice/Air   0%         6-21      99%         5
 Irradiate                Conj/Alch      0%         3d11      99%         5
 Iskenderun's Battlesphe  Conj           0%         2d6       99%         5
 Lee's Rapid Deconstruct  Erth           0%         3d4*      99%         5
 Metabolic Englaciation   Hex/Ice        0%         N/A       99%         5
 Silence                  Hex/Air        0%         N/A       99%         5
 Summon Forest            Summ/Tloc      0%         N/A       99%         5
 Summon Mana Viper        Hex/Summ       0%         N/A       99%         5
 Bombard                  Conj/Erth      0%         9d1       100%        6
 Conjure Ball Lightning   Conj/Air       0%         3x3d6     100%        6
 Death Channel            Necr           0%         N/A       100%        6
 Dispersal                Tloc           0%         N/A       100%        6
 Plasma Beam              Fire/Air       0%         2x1d10    100%        6
 Sculpt Simulacrum        Ice/Alch       0%         N/A       100%        6
 Starburst                Conj/Fire      0%         6d3       100%        6
 Summon Cactus Giant      Summ           0%         N/A       100%        6
 Haunt                    Necr/Summ      0%         N/A       100%        7
 Malign Gateway           Summ/Tloc      0%         N/A       100%        7
 Orb of Destruction       Conj           0%         9d5       100%        7
 Ozocubu's Refrigeration  Ice            0%         4d7       100%        7
 Spellforged Servitor     Conj/Summ      0%         N/A       100%        7
 Borgnjor's Revivificati  Necr           0%         N/A       100%        8
 Discord                  Hex            0%         N/A       100%        8
 Disjunction              Tloc           0%         N/A       100%        8
 Ignition                 Fire           0%         3d3       100%        8
 Lehudib's Crystal Spear  Conj/Erth      0%         10d2      100%        8
 Maxwell's Capacitive Co  Air            0%         ∞         100%        8
 Death's Door             Necr           0%         N/A       100%        9
 Dragon's Call            Summ           0%         N/A       100%        9


Dungeon Overview and Level Annotations

Branches:
Dungeon (15/15)            Temple (0/1) D:4            Lair (5/5) D:10
 Shoals (4/4) Lair:3        Snake (4/4) Lair:3        Slime (5/5) Lair:4
    Orc (2/2) D:9             Elf (3/3) Orc:2        Vaults (5/5) D:14
  Crypt (3/3) Vaults:2       Tomb (0/3) Crypt:3      Depths (4/4) D:15
    Zot (5/5) Depths:4      IceCv (visited)         Volcano (visited)

Shops:
D:4 **[   D:5 *   D:6 ?   D:13 !   Orc:1 (   Orc:2 :[:[   Elf:2 [   Shoals:1 *
Shoals:2 (   Shoals:4 [   Vaults:1 (   Vaults:5 !??!   Depths:1 :==
Depths:3 [

Portals:
Hell: Depths:2 Depths:3 Depths:4
Abyss: Depths:3
Pandemonium: Depths:2
Ziggurat: Depths:2

Annotations:
D:15 Roxanne
Snake:3 Mara
Elf:3 Nikola
Crypt:3 Zogul's ghost, veteran MiGl; jestert79's ghost, veteran DrWn
Zot:3 Tiamat


Innate Abilities, Weirdness & Mutations

You have an increased reservoir of magic. (+10% MP)
You shall have no god before yourself.
Your divine heritage dramatically boosts your attributes as you level up.
You have very sharp teeth.
You are very dopey. (Int -4)
You occasionally shout uncontrollably at your foes.
Your muscles are strong. (Str +4, Int/Dex -1)


Message History

You bite the blizzard demon, but do no damage.
The blizzard demon is almost dead.
You hear a shout!
A demonspawn blood saint comes into view.
It is wielding a +0 dagger of electrocution.
You yell at the demonspawn blood saint!
You block the blizzard demon's attack. x2
You hit the blizzard demon.
The blizzard demon is almost dead.
The blizzard demon waves its arms in wide circles.
The air twists around and strikes you.
The blizzard demon waves its arms in wide circles.
The air twists around and strikes you!
As you read the scroll of fear, it crumbles to dust.
You assume a fearsome visage.
The demonspawn blood saint looks frightened!
The blizzard demon resists with almost no effort.
The demonspawn warmonger resists with almost no effort.
You block the demonspawn warmonger's attack.
The demonspawn warmonger claws you!
You block the demonspawn warmonger's attack.
The demonspawn warmonger attacks as it pursues you!
You block the demonspawn warmonger's attack.
Your shield discharges, shocking the demonspawn warmonger!
You block the demonspawn warmonger's attack.
The demonspawn warmonger gores you but does no damage.
The blizzard demon waves its arms in wide circles.
The air twists around and strikes you.
The blizzard demon waves its arms in wide circles.
The air twists around and strikes you.
You see here a +0 club.
There is a large open door here.
The blizzard demon waves its arms in wide circles.
The air twists around and strikes you!
The demonspawn warmonger attacks as it pursues you!
You block the demonspawn warmonger's attack.
Your shield discharges, shocking the demonspawn warmonger!
The demonspawn warmonger completely misses you.
The demonspawn warmonger misses you.
You see here a +0 spear.
There is a staircase leading out of the dungeon here.
You have escaped!

##++###''## ##.......#
#.........# ##.....##
#.........# ##...##
#......2..# ##'##
#.#.....#.# #.#
#.#.....#.# #.####
#....)....# ##.....
#....6....# ##...###
#....@....# #..>..##
################†.....
#...........##
#########.### #.####
#..... ######


You could see a demonspawn warmonger and a blizzard demon.

Vanquished Creatures
  the Royal Jelly (Slime:5)
  Frederick (Depths:3)
  2 dread liches
  5 orbs of fire
  3 ancient liches
  Mennas (Vaults:2)
  A juggernaut (Depths:4)
  Sojobo (Crypt:3)
  Josephina (Depths:3)
  Bai Suzhen (Shoals:4)
  Boris (twice) (Depths:3 Zot:3)
  3 Killer Klowns
  3 curse toes
  3 golden dragons
  Norris (Depths:3)
  the Enchantress (Depths:4)
  Jory (Depths:3)
  4 bone dragons
  A doom hound (Zot:4)
  The ghost of Micliseo the Warrior, an adept GrFi of Cheibriados (Crypt:3)
  2 electric golems (Zot:5)
  A Brimstone Fiend (Depths:4)
  2 Tzitzimimeh
  2 hellephants
  Jorgrun (Snake:1)
  9 tentacled monstrosities
  Rupert (D:15)
  4 liches
  Zenata (Vaults:2)
  8 quicksilver dragons
  25 Orb Guardians
  5 deep elf blademasters (Elf:3)
  A walking earthen tome (Depths:2)
  3 deep elf master archers (Elf:3)
  6 sphinxes
  2 tentacled starspawn (Abyss:3)
  2 titans (Vaults:5)
  15 acid blobs
  Frances (Shoals:1)
  2 Executioners (Zot:3)
  Polyphemus (Shoals:4)
  9 ancient champions
  3 krakens
  6 death cobs
  5 shadow dragons
  7 tengu reavers
  A draconian monk (Zot:1)
  8 storm dragons
  3 revenants
  Donald (Elf:1)
  3 protean progenitors
  10 rockslimes
  8 azure jellies (Slime:5)
  2 nagarajas
  7 draconian knights
  3 iron dragons (Vaults:5)
  The ghost of Lobster4 the Cloud Mage, an adept TeAE of Nemelex Xobeh (Shoals:3)
  8 deep elf sorcerers
  3 fire giants
  9 frost giants
  The ghost of Vicweoh the Bludgeoner, an adept GrFi of Okawaru (Snake:4)
  4 draconian shifters
  16 vault wardens
  2 deep elf elementalists (Elf:3)
  2 curse skulls
  Louise (Snake:1)
  3 draconian scorchers
  4 ghost moths
  A reaper (Crypt:3)
  2 juggernaut zombies
  6 ghouls
  4 draconian annihilators
  9 very ugly things
  7 ironbound thunderhulks
  3 spriggan defenders (Depths:4)
  2 draconian stormcallers
  9 quicksilver oozes
  11 stone giants
  5 vampire knights
  6 green draconians
  3 formless jellyfish
  15 ironbound preservers
  5 deep elf annihilators
  2 deep elf demonologists
  8 deep elf death magi
  16 red draconians
  14 black draconians
  7 white draconians
  6 yellow draconians
  The ghost of anacleto the Mimic, a journeyman TrSh of the Shining One (Orc:2)
  4 purple draconians
  A dire elephant (Lair:5)
  Snorg (Lair:3)
  6 spark wasps
  7 war gargoyles
  5 eidola
  5 merfolk javelineers
  2 mummy priests (Crypt:3)
  3 crystal guardians
  A green death (Abyss:4)
  9 ettins
  6 merfolk impalers
  10 yaktaur captains
  5 fire dragons
  2 entropy weavers
  5 jiangshi
  5 ice dragons
  7 great orbs of eyes
  30 vault guards
  Fannar (Lair:1)
  4 deep elf high priests
  A caustic shrike simulacrum (IceCv)
  A rakshasa (Depths:4)
  4 salamander tyrants
  3 spriggan air magi
  A spriggan skeleton (Depths:3)
  3 hydras
  The ghost of avangion the Eclecticist, a journeyman DECj of Vehumet (Lair:2)
  4 peacekeepers
  2 death knights (Crypt:1)
  15 anacondas
  5 boulder beetles
  4 catoblepae
  6 centaur warriors
  An ogre mage (Vaults:5)
  7 ironbound frosthearts
  7 death yaks
  6 merfolk avatars
  2 tengu warriors
  7 two-headed ogres
  10 deep troll shamans
  3 dancing weapons
  Erica (D:10)
  2 satyrs
  A demonic crawler (D:11)
  8 naga warriors
  2 merfolk aquamancers
  5 deep troll earth magi
  5 hell hogs
  6 spriggan berserkers
  7 orc high priests
  10 shock serpents
  2 thrashing horrors (Abyss:4)
  A hell knight (Depths:2)
  2 vampire magi
  17 naga sharpshooters
  A titan zombie (Crypt:3)
  9 salamander mystics
  2 skysharks (shapeshifter)
  7 deep elf knights
  A wretched star (Abyss:4)
  A fire crab (Shoals:3)
  3 sun demons (D:8)
  A soul eater (Zot:3)
  A titan skeleton (Crypt:1)
  2 spectral death yaks (Lair:5)
  Amaemon (Lair:1)
  3 shadow wraiths
  6 iron trolls
  9 skysharks
  A sixfirhy (Abyss:4)
  14 skeletal warriors
  2 glowing orange brains (Depths:4)
  9 sea snakes
  A shadow demon (Zot:3)
  5 flayed ghosts
  54 deep trolls
  4 arcanists
  A spriggan simulacrum (Depths:3)
  A spectral anaconda (Lair:5)
  A glowing orange brain (shapeshifter) (Vaults:5)
  8 mana vipers
  4 naga ritualists
  13 lindwurms
  An obsidian statue (Lair:5)
  9 deep elf archers
  An orange crystal statue (IceCv)
  Pikel (D:6)
  A steelbarb worm (shapeshifter) (Vaults:5)
  An eye of devastation (shapeshifter) (Vaults:5)
  10 necromancers
  24 harpies
  16 deep elf zephyrmancers
  7 phantasmal warriors
  15 deep elf pyromancers
  An anaconda skeleton (Crypt:2)
  14 ironbound convokers
  6 orc sorcerers
  A wolf spider zombie (Crypt:3)
  14 manticores
  2 shining eyes
  7 orc knights
  15 fauns
  12 ugly things
  3 oklob plants
  23 salamanders
  A cyclops (shapeshifter) (Vaults:5)
  4 large abominations
  A dire elephant zombie (Crypt:3)
  38 black mambas
  13 moths of wrath
  2 stone giant zombies
  4 cyclopes
  13 elephants
  An alligator skeleton (Crypt:2)
  A spectral shock serpent (Snake:4)
  2 toenail golems
  Maurice (D:11)
  A stone giant skeleton (Vaults:1)
  2 kobold blastminers (Orc:2)
  A torpor snail (Lair:1)
  6 water nymphs
  2 water nymphs (shapeshifter)
  2 eyes of devastation
  12 merfolk sirens
  2 titan simulacra (Depths:3)
  A spectral iron troll (Crypt:1)
  An apocalypse crab (Abyss:4)
  6 guardian serpents
  19 naga magi
  A frost giant skeleton (Depths:3)
  20 vault sentinels
  12 cane toads
  Maggie (D:7)
  A gargoyle (D:12)
  2 molten gargoyles (Volcano)
  A yellow draconian zombie (Crypt:2)
  4 unseen horrors
  2 smoke demons (Abyss:3)
  6 komodo dragons
  A dire elephant skeleton (Crypt:2)
  A hellion (Zot:3)
  41 yaktaurs
  2 kobold demonologists (D:12)
  2 orange demons
  5 efreet
  A spark wasp simulacrum (Depths:3)
  2 rime drakes
  11 freezing wraiths
  4 catoblepas skeletons (Abyss:4)
  3 tengu conjurers
  An anaconda simulacrum (Crypt:3)
  2 spectral deep trolls (Crypt:1)
  A harpy zombie (Crypt:2)
  An ancient zyme (Abyss:3)
  5 guardian mummies (Crypt:3)
  An ice devil (Zot:4)
  A polar bear (shapeshifter) (D:15)
  7 trolls
  A hydra zombie (Crypt:3)
  3 hornets
  2 hellwings (Depths:4)
  2 polar bears
  A moth of wrath zombie (Crypt:2)
  27 merfolk
  5 wind drakes
  3 spectral guardian serpents (Snake:4)
  A tarantella (shapeshifter) (Vaults:1)
  A hydra skeleton (Crypt:2)
  4 raiju
  Prince Ribbit (D:9)
  An alligator simulacrum (IceCv)
  A glass eye (Slime:5)
  6 dream sheep (Lair:4)
  A guardian serpent zombie (Crypt:1)
  2 spectral elephants (Lair:5)
  2 ettin zombies (Crypt:3)
  2 spectral nagas (Snake:4)
  A frost giant simulacrum (Depths:3)
  10 blink frogs
  13 snapping turtles
  A spectral black mamba (Snake:4)
  Sigmund (D:5)
  2 ettin skeletons
  A dire elephant simulacrum (IceCv)
  40 slime creatures
  7 spriggans
  3 shadows
  4 vampires
  An ushabti (Crypt:3)
  2 ynoxinuls
  24 fire elementals
  10 water elementals
  5 wraiths
  45 yaks
  3 humans
  7 basilisks
  2 fire bats (Shoals:3)
  2 golden eyes (Slime:5)
  12 wyverns
  4 wargs
  A death yak simulacrum (Lair:5)
  3 chaos spawn
  2 steam dragons
  A hog (shapeshifter) (Vaults:4)
  5 vampire mosquitoes
  2 neqoxecs (Abyss:3)
  3 redbacks (Vaults:2)
  A spectral cane toad (Lair:5)
  4 harpy simulacra
  A fire bat zombie (Crypt:3)
  45 nagas
  A glowing shapeshifter zombie (Depths:3)
  An acid dragon (shapeshifter) (Vaults:5)
  3 glowing shapeshifter skeletons
  2 acid dragons
  Duvessa (D:4)
  A swamp worm (shapeshifter) (Vaults:5)
  2 hydra simulacra (IceCv)
  A hell hound (Abyss:3)
  3 black bears
  14 water moccasins
  A guardian serpent simulacrum (Snake:4)
  4 ice beasts (D:6)
  17 laughing skulls
  A swamp drake (D:11)
  A sky beast (D:7)
  A swamp dragon zombie (Crypt:1)
  22 orc warriors
  An ogre (D:5)
  A black mamba simulacrum (Snake:4)
  An ettin simulacrum (Crypt:2)
  5 boggarts
  2 small abominations
  2 wolves (D:10)
  9 centaurs
  2 human skeletons (Vaults:3)
  A yaktaur zombie (Crypt:1)
  3 lemures (D:6)
  A phantom (D:5)
  2 kobold brigands (D:9)
  Blork the orc (D:4)
  A bullfrog (shapeshifter) (D:15)
  A komodo dragon skeleton (Crypt:1)
  2 glowing shapeshifter simulacra
  4 bullfrogs
  12 earth elementals
  2 necrophages (Crypt:2)
  7 scorpions
  A hornet simulacrum (D:15)
  Dowan (D:4)
  A wyvern skeleton (Crypt:1)
  An elephant simulacrum (Lair:5)
  22 killer bees
  A queen bee zombie (Crypt:3)
  A raiju skeleton (Crypt:1)
  A yak skeleton (Crypt:3)
  3 vampire bats (Lair:3)
  5 howler monkeys
  4 electric eels (Snake:2)
  5 lava snakes
  A crimson imp (D:11)
  A basilisk zombie (Crypt:2)
  A human simulacrum (Vaults:3)
  29 orc priests
  2 hounds (D:5)
  A sleepcap (D:7)
  A gnoll bouda (D:4)
  4 iguanas
  23 orc wizards
  Natasha (thrice) (D:4)
  2 naga simulacra (Snake:4)
  12 mummies (Crypt:3)
  10 adders
  5 gnolls
  2 swamp drake skeletons
  A shadow imp (D:11)
  4 white imps
  8 ufetubi
  4 dart slugs
  4 ribbon worms
  90 orcs
  An endoplasm (D:2)
  3 giant cockroaches
  12 goblins
  6 hobgoblins
  9 jackals
  7 quokkas
  8 ball pythons
  11 bats
  6 frilled lizards
  22 kobolds
  An orc zombie (Crypt:3)
  5 rats
  A rat zombie (Crypt:2)
  An aspiring flesh (Zot:2)
  11 tentacles
2139 creatures vanquished.

Vanquished Creatures (others)
  An ogre mage (Vaults:5)
  An occultist (Elf:1)
  A deep elf knight (Elf:2)
  A spriggan berserker (Depths:3)
  A deep elf archer (Elf:2)
  2 deep elf pyromancers
  2 deep elf zephyrmancers
  A tengu simulacrum (Depths:3)
  2 nagas
  A killer bee (D:8)
  An iron imp (D:11)
  2 orc wizards
  An orc (D:9)
  5 starspawn tentacles (Abyss:3)
  28 tentacles
50 creatures vanquished.

Grand Total: 2189 creatures vanquished

Notes
Turn   | Place    | Note
-------+----------+-------------------------------------------
     0 | D:1      | Implojin the Demigod Wanderer began the quest for the Orb.
     0 | D:1      | Implojin set off with the following items: a +2 short
                  | sword, a +0 spear, a +0 scale mail, a potion of haste.
     0 | D:1      | Reached XP level 1. HP: 14/14 MP: 3/3
   295 | D:1      | Reached XP level 2. HP: 20/20 MP: 4/4
   792 | D:1      | Reached XP level 3. HP: 22/26 MP: 5/5
  1272 | D:2      | Reached skill level 1 in Fighting
  1889 | D:2      | Reached XP level 4. HP: 29/36 MP: 6/6
  3114 | D:4      | Found Mig Mai's Armour Emporium.
  3114 | D:4      | Found Byron's Assorted Antiques.
  3114 | D:4      | Found Deuclucw's Assorted Antiques.
  3116 | D:4      | Bought a +6 chain mail of ponderousness for 115 gold pieces
  3201 | D:4      | Noticed Blork the orc
  3204 | D:4      | Noticed Duvessa
  3204 | D:4      | Noticed a wyvern
  3209 | D:4      | Killed Blork the orc
  3210 | D:4      | Reached XP level 5. HP: 41/41 MP: 7/7
  3211 | D:4      | Killed a wyvern
  3211 | D:4      | Noticed Dowan
  3212 | D:4      | Reached XP level 6. HP: 45/48 MP: 8/8
  3241 | D:4      | Killed Duvessa
  3253 | D:4      | Killed Dowan
  3284 | D:4      | Found a staircase to the Ecumenical Temple.
  3543 | D:4      | Reached XP level 7. HP: 54/55 MP: 9/9
  3599 | D:4      | Noticed Natasha
  3616 | D:4      | Killed Natasha
  3697 | D:4      | Noticed Natasha
  3698 | D:4      | Killed Natasha
  3706 | D:4      | Reached skill level 1 in Unarmed Combat
  3795 | D:5      | Entered Level 5 of the Dungeon
  3861 | D:5      | Reached skill level 2 in Unarmed Combat
  3897 | D:5      | Reached skill level 3 in Unarmed Combat
  4087 | D:5      | Noticed Sigmund
  4093 | D:5      | Killed Sigmund
  4094 | D:5      | Reached skill level 4 in Unarmed Combat
  4098 | D:5      | Reached XP level 8. HP: 59/61 MP: 10/10
  4247 | D:5      | Reached skill level 5 in Unarmed Combat
  4340 | D:4      | Noticed Natasha
  4346 | D:4      | Killed Natasha
  4369 | D:4      | Bought a heavily runed zirconium amulet for 140 gold pieces
  4369 | D:4      | Identified the amulet "Uqest" {RegenMP Rampage *Corrode
                  | Regen+ Dex+3} (You bought it in a shop on level 4 of the
                  | Dungeon)
  4570 | D:5      | Found Umonypn's General Store.
  4649 | D:5      | Reached skill level 6 in Unarmed Combat
  4730 | D:4      | Bought a golden potion for 21 gold pieces
  4730 | D:4      | Bought a fuming pink potion for 21 gold pieces
  4830 | D:6      | Reached skill level 7 in Unarmed Combat
  5045 | D:6      | Noticed Pikel
  5152 | D:6      | Killed Pikel
  5153 | D:6      | Reached skill level 8 in Unarmed Combat
  5201 | D:6      | Reached XP level 9. HP: 67/67 MP: 11/11
  5211 | D:6      | Found Gicaho's Magic Scroll Shoppe.
  5748 | D:6      | Reached skill level 9 in Unarmed Combat
  5823 | D:4      | Bought a scroll labelled OPEGEN XOTOFREDDUF for 24 gold
                  | pieces
  5875 | D:4      | Bought a lumpy sapphire potion for 25 gold pieces
  5923 | D:5      | Bought a potion of heal wounds for 65 gold pieces
  5984 | D:7      | Found a runed translucent door.
  6017 | D:7      | Noticed Maggie
  6022 | D:7      | Killed Maggie
  6093 | D:7      | Reached skill level 10 in Unarmed Combat
  6245 | D:7      | You fall into a shaft and drop 2 floors!
  8439 | D:9      | Found a staircase to the Orcish Mines.
  8475 | D:8      | Reached XP level 10. HP: 61/78 MP: 13/13
  8508 | D:9      | Reached skill level 11 in Unarmed Combat
  8526 | D:9      | Noticed Prince Ribbit
  8554 | D:9      | Killed Prince Ribbit
  8757 | D:8      | Reached skill level 12 in Unarmed Combat
  8855 | D:9      | Reached skill level 5 in Fighting
 10086 | D:9      | Found a staircase to the Orcish Mines.
 10439 | D:6      | Bought a scroll of identify for 26 gold pieces
 10489 | D:5      | Bought a scroll of identify for 26 gold pieces
 10539 | D:6      | Bought a scroll of fog for 52 gold pieces
 10635 | D:10     | Entered Level 10 of the Dungeon
 10848 | D:10     | Reached skill level 5 in Armour
 10959 | D:10     | Identified a scroll of acquirement
 10960 | D:10     | Acquired 602 gold pieces
 10998 | D:10     | Reached XP level 11. HP: 92/92 MP: 14/14
 11014 | D:10     | Found a staircase to the Lair.
 11038 | D:10     | Noticed a centaur warrior
 11056 | D:10     | Killed a centaur warrior
 11417 | D:10     | Noticed Erica
 11421 | D:10     | Killed Erica
 11604 | D:4      | Bought a sapphire ring for 120 gold pieces
 11606 | D:4      | Bought a scroll of identify for 48 gold pieces
 11658 | D:4      | Bought a scroll of identify for 56 gold pieces
 11837 | D:11     | Noticed a two-headed ogre
 12070 | D:10     | Killed a two-headed ogre
 12071 | D:10     | Reached skill level 13 in Unarmed Combat
 12143 | D:11     | Noticed Maurice
 12146 | D:11     | Killed Maurice
 12203 | D:11     | Noticed a two-headed ogre
 12233 | D:11     | Killed a two-headed ogre
 12557 | D:11     | Reached skill level 14 in Unarmed Combat
 12836 | D:11     | Noticed a deep elf zephyrmancer
 12838 | D:11     | Noticed a deep elf zephyrmancer
 12915 | D:11     | Killed a deep elf zephyrmancer
 12927 | D:11     | Killed a deep elf zephyrmancer
 13068 | Lair:1   | Entered Level 1 of the Lair of Beasts
 13082 | Lair:1   | Noticed Fannar
 13087 | Lair:1   | Killed Fannar
 13245 | Lair:1   | Noticed Amaemon
 13279 | Lair:1   | Killed Amaemon
 13280 | Lair:1   | Reached XP level 12. HP: 59/100 MP: 15/15
 13448 | Lair:1   | Noticed a catoblepas
 13479 | Lair:1   | Killed a catoblepas
 13480 | Lair:1   | Reached skill level 15 in Unarmed Combat
 14260 | Lair:1   | Reached skill level 5 in Dodging
 15086 | Lair:2   | Found a runed translucent door.
 15232 | Lair:2   | Noticed avangion's ghost (journeyman DECj)
 15273 | Lair:2   | Killed avangion's ghost
 15624 | Lair:3   | Noticed Snorg
 15666 | Lair:3   | Killed Snorg
 15914 | Lair:3   | Found a staircase to the Snake Pit.
 16174 | Lair:3   | Reached XP level 13. HP: 105/105 MP: 16/16
 16561 | Lair:3   | Found a staircase to the Shoals.
 16769 | Lair:4   | Reached skill level 10 in Dodging
 17247 | Lair:4   | Found a staircase to the Slime Pits.
 18006 | Lair:4   | Found a staircase to the Slime Pits.
 18534 | Lair:4   | Found a staircase to the Slime Pits.
 18825 | Lair:5   | Entered Level 5 of the Lair of Beasts
 18957 | Lair:5   | Found a dark tunnel.
 18964 | Volcano  | Entered a volcano
 19965 | Lair:5   | Noticed a dire elephant
 20158 | Lair:5   | Reached skill level 10 in Fighting
 20267 | Lair:5   | Got the Essays on the Phantasmal Map
 20447 | Lair:5   | Reached XP level 14. HP: 114/121 MP: 17/17
 21061 | D:12     | Reached skill level 16 in Unarmed Combat
 21688 | D:13     | Found Jicalyje's Distillery.
 21697 | D:13     | Bought a potion of berserk rage for 75 gold pieces
 22174 | D:14     | Reached skill level 17 in Unarmed Combat
 22471 | D:14     | :trog vault placing on D:14 with rats and ribbon worms?
 22471 | D:14     | :take a look at this depth, maybe
 22791 | D:14     | Found a gate to the Vaults.
 22840 | D:15     | Entered Level 15 of the Dungeon
 23233 | D:15     | Noticed Roxanne
 23275 | D:15     | Found a staircase to the Depths.
 23553 | D:15     | Noticed Rupert
 23561 | D:15     | Killed Rupert
 23650 | D:15     | Identified the staff of the Shoals {^Drain rElec rPois
                  | Int+3 Summ Air}
 24292 | Orc:1    | Entered Level 1 of the Orcish Mines
 24329 | Orc:1    | Reached skill level 1 in Shields
 24738 | Orc:1    | Found Qirudd's Weapon Emporium.
 24746 | Orc:1    | Bought 4 curare-tipped darts for 72 gold pieces
 25028 | Orc:2    | Entered Level 2 of the Orcish Mines
 25128 | Orc:2    | Found a large runed translucent door.
 25128 | Orc:2    | Found a large runed translucent door.
 25131 | Orc:2    | Noticed anacleto's ghost (journeyman TrSh)
 25296 | Orc:2    | Found a staircase to the Elven Halls.
 25467 | Orc:2    | Found Kiuw's Antique Armour Boutique.
 25484 | Orc:2    | Reached skill level 5 in Shields
 25511 | Orc:2    | Reached XP level 15. HP: 99/132 MP: 18/18
 25690 | Orc:2    | Found Limeotz's Book Shoppe.
 25697 | Orc:2    | Found Poxkaiz's Antique Armour Shoppe.
 25699 | Orc:2    | Found Lashryfoo's Book Boutique.
 25831 | Orc:2    | Killed anacleto's ghost
 25924 | Orc:2    | Bought a pair of glowing boots for 217 gold pieces
 26137 | Snake:1  | Entered Level 1 of the Snake Pit
 26137 | Snake:1  | Noticed Jorgrun
 26154 | Snake:1  | Killed Jorgrun
 26606 | Snake:1  | Noticed Louise
 26633 | Snake:1  | Killed Louise
 26766 | Snake:1  | Identified the staff of the Penguin {rC+ Str+2 Ice}
 26889 | Snake:1  | Reached skill level 10 in Armour
 27731 | Snake:2  | Noticed a nagaraja
 27750 | Snake:2  | Killed a nagaraja
 29154 | Snake:3  | Noticed Mara
 29180 | Snake:3  | Noticed Implojin's illusion
 29750 | Snake:3  | Reached skill level 10 in Shields
 29750 | Snake:3  | Reached XP level 16. HP: 129/139 MP: 19/19
 29872 | Snake:4  | Entered Level 4 of the Snake Pit
 31610 | Snake:3  | Noticed Implojin's illusion
 31914 | Snake:4  | Found a runed translucent gate.
 31914 | Snake:4  | Found a runed translucent gate.
 31921 | Snake:4  | Found a runed translucent gate.
 31924 | Snake:4  | Noticed Vicweoh's ghost (adept GrFi)
 32050 | Snake:4  | Killed Vicweoh's ghost
 32423 | Snake:4  | Reached skill level 18 in Unarmed Combat
 32831 | Snake:4  | Got a serpentine rune of Zot
 33891 | Shoals:1 | Entered Level 1 of the Shoals
 33920 | Shoals:1 | Found Aludoed's General Store.
 33967 | Shoals:1 | Bought a scroll of teleportation for 45 gold pieces
 33967 | Shoals:1 | Bought a scroll of immolation for 60 gold pieces
 34167 | Shoals:1 | Reached skill level 19 in Unarmed Combat
 34355 | Shoals:1 | Noticed a kraken
 34451 | Shoals:1 | Reached XP level 17. HP: 144/146 MP: 20/20
 35229 | Shoals:2 | Found Ciry's Weapon Boutique.
 35233 | Shoals:2 | Bought 2 atropa-tipped darts for 23 gold pieces
 35296 | Shoals:2 | Noticed Frances
 35316 | Shoals:1 | Killed Frances
 35444 | Shoals:2 | Acquired a manual of Dodging
 35519 | Shoals:2 | Reached skill level 20 in Unarmed Combat
 35531 | Shoals:2 | Identified the +2 chain mail of Past Mistakes {-Cast +Blink
                  | rPois Str+4}
 36295 | Shoals:3 | Identified the +1 pair of gloves of the Avant Garde God
                  | {+Blink}
 36438 | Shoals:3 | Found a runed translucent door.
 36439 | Shoals:3 | Noticed Lobster4's ghost (adept TeAE)
 36472 | Shoals:3 | Killed Lobster4's ghost
 37070 | Shoals:4 | Entered Level 4 of the Shoals
 37072 | Shoals:4 | Found Koeleiq's Armour Shoppe.
 37087 | Shoals:4 | Noticed Polyphemus
 37113 | Shoals:4 | Killed Polyphemus
 37142 | Shoals:4 | Found a glacial archway.
 37151 | IceCv    | Entered an ice cave
 37160 | IceCv    | Found a transporter.
 37173 | IceCv    | Found a transporter.
 37597 | Shoals:4 | Reached skill level 15 in Dodging
 37607 | Shoals:4 | Identified the ring of Lucidity {rF+ rCorr Str+6}
 37712 | Shoals:4 | Identified the ring "Apeast" {Wiz rElec Will+++ Str-2
                  | Dex+2}
 37758 | Shoals:4 | Identified the +1 hand axe of Departure {venom, Int+2}
 37918 | Shoals:4 | Noticed Bai Suzhen
 37933 | Shoals:4 | Killed Bai Suzhen
 38318 | Shoals:4 | Got a barnacled rune of Zot
 38420 | Shoals:4 | Identified the staff "Foneto" {rN+ Will+ MP-9 Int+2 Necro}
 38924 | Vaults:1 | Entered Level 1 of the Vaults
 39014 | Vaults:1 | Reached XP level 18. HP: 97/154 MP: 21/21
 39017 | Vaults:1 | Reached skill level 5 in Throwing
 39976 | Vaults:1 | Identified the +0 robe "Covapp" {-Tele rF+++ SInv Stlth-}
 40001 | Vaults:1 | Identified the +0 pair of boots "Emyud" {+Inv rC- MP+9
                  | Int+5}
 40002 | Vaults:1 | Identified the +1 battleaxe of the Equator {flame, ^Drain
                  | rElec Dex+6}
 40012 | Vaults:1 | Identified the staff of Waop {Str+2 Int+3 Earth}
 40201 | Vaults:1 | Found Jasisont's Weapon Shop.
 40774 | D:6      | Bought a scroll of teleportation for 39 gold pieces
 40774 | D:6      | Bought a scroll of teleportation for 39 gold pieces
 40774 | D:6      | Bought a scroll of vulnerability for 52 gold pieces
 40774 | D:6      | Bought a scroll of butterflies for 52 gold pieces
 41050 | Vaults:2 | Paralysed by a formless jellyfish for 1 turns
 41295 | Vaults:2 | Reached skill level 21 in Unarmed Combat
 41454 | Vaults:2 | Noticed Mennas
 41469 | Vaults:2 | Killed Mennas
 41908 | Vaults:2 | Noticed Zenata
 41923 | Vaults:2 | Killed Zenata
 42048 | Vaults:2 | Found a staircase to the Crypt.
 42205 | Vaults:2 | Paralysed by a formless jellyfish for 1 turns
 43042 | Vaults:2 | Found a staircase to the Crypt.
 43424 | Vaults:3 | Reached skill level 22 in Unarmed Combat
 44313 | Vaults:3 | Reached XP level 19. HP: 151/165 MP: 22/22
 45571 | Vaults:4 | Reached skill level 15 in Fighting
 46650 | Elf:1    | Entered Level 1 of the Elven Halls
 46650 | Elf:1    | Noticed Donald
 46683 | Elf:1    | Killed Donald
 47285 | Elf:3    | Entered Level 3 of the Elven Halls
 47371 | Elf:3    | Noticed Nikola
 47710 | Elf:3    | Got a shimmering gem with 784 turns to spare
 47716 | Elf:3    | Identified the +9 morningstar "Tyox" {flame, rN++ Will+}
 47779 | Elf:3    | Identified the maw talisman of Joy {Dex+5}
 47780 | Elf:3    | Identified the +3 battleaxe "Cudidept" {freeze, rPois
                  | Int+3}
 47793 | Elf:3    | Identified the +11 long sword "Dir Xuof" {holy, rPois rC++
                  | Int-2 SInv}
 47810 | Elf:3    | Got the Octavo of Phantasms and Pollution
 47834 | Elf:3    | Found the +5 Lochaber axe {reach-cleave, Poleaxe ^Drain}
 47879 | Elf:3    | Identified the ring of Puddoo {Fire Str+2}
 47891 | Elf:3    | Identified the +5 chain mail of Urriqeqan {rC+}
 48112 | Elf:2    | Found Feticod's Armour Shop.
 48123 | Elf:2    | Reached XP level 20. HP: 180/184 MP: 24/24
 48467 | Depths:1 | Entered Level 1 of the Depths
 48483 | Depths:1 | Found Bext's Book Emporium.
 48483 | Depths:1 | Found Biqem's Jewellery Boutique.
 48484 | Depths:1 | Found Vuamarcha's Jewellery Boutique.
 48504 | Depths:2 | Found a one-way gateway to a ziggurat.
 48608 | Depths:2 | Found a gateway to Hell.
 48819 | Depths:2 | Found a one-way gate leading to the halls of Pandemonium.
 48964 | Depths:3 | Identified the ring of the Eleven Realms {Ice MP+9}
 48964 | Depths:3 | Noticed Josephina
 48976 | Depths:3 | Killed Josephina
 49020 | Depths:4 | Entered Level 4 of the Depths
 49171 | Depths:3 | Got Syzyixum's Almanac of Command
 49245 | Depths:4 | Noticed the Enchantress
 49255 | Depths:4 | Killed the Enchantress
 49370 | Depths:3 | Reached skill level 15 in Armour
 49372 | Depths:3 | Noticed Boris
 49404 | Depths:3 | Noticed a golden dragon
 49430 | Depths:3 | Killed a golden dragon
 49488 | Depths:3 | Noticed Jory
 49500 | Depths:3 | Found a one-way gate to the infinite horrors of the Abyss.
 49627 | Depths:4 | Noticed a juggernaut
 49647 | Depths:4 | Killed a juggernaut
 49827 | Depths:4 | Found a gate to the Realm of Zot.
 49827 | Depths:4 | Noticed a bone dragon
 49871 | Depths:4 | Killed a bone dragon
 49946 | Depths:4 | Got a midnight gem with 1654 turns to spare
 50233 | Depths:3 | Found Venera's Dragon-Slaying Spoils.
 50272 | Depths:3 | Identified the orb of Yredelemnul's Grace {light, Hexes}
 50272 | Depths:3 | Noticed Frederick
 50272 | Depths:3 | Noticed Norris
 50322 | Depths:3 | Killed Frederick
 50369 | Depths:3 | Reached XP level 21. HP: 186/191 MP: 25/25
 50394 | Depths:3 | Killed Norris
 50467 | Depths:3 | Killed Boris
 50480 | Depths:3 | Killed Jory
 50985 | Slime:1  | Entered Level 1 of the Pits of Slime
 51254 | Slime:5  | Entered Level 5 of the Pits of Slime
 51254 | Slime:5  | Found the +7 captain's cutlass {speed, disarm}
 51285 | Slime:5  | Found the +12 glaive of Prune {freeze, Prune}
 51288 | Slime:5  | Found the +5 Storm Queen's Shield {shock, Fly rElec}
 51409 | Slime:5  | Gained mutation: Your spells are a little easier to cast,
                  | but a little less powerful. [a shining eye]
 51414 | Slime:5  | Gained mutation: You have a pair of small horns on your
                  | head. [a shining eye]
 51481 | Slime:5  | Noticed the Royal Jelly
 51508 | Slime:5  | Killed the Royal Jelly
 51576 | Slime:5  | Got a starry gem with 95 turns to spare
 51578 | Slime:5  | Got a slimy rune of Zot
 51596 | Slime:5  | Identified the staff "Loxudown" {Will+ Conj Earth}
 52019 | Vaults:5 | Entered Level 5 of the Vaults
 52357 | Vaults:5 | Got a silver rune of Zot
 52549 | Vaults:5 | Found Wutsuv Boho's Distillery.
 52553 | Vaults:5 | Bought a potion of curing for 60 gold pieces
 52553 | Vaults:5 | Bought a potion of resistance for 200 gold pieces
 52553 | Vaults:5 | Bought a potion of cancellation for 160 gold pieces
 52580 | Vaults:5 | Noticed a dread lich
 52888 | Vaults:5 | Found Dot Comp's Magic Scroll Shoppe.
 52892 | Vaults:5 | Bought a scroll of blinking for 150 gold pieces
 52892 | Vaults:5 | Bought a scroll of enchant armour for 150 gold pieces
 52892 | Vaults:5 | Bought a scroll of fear for 80 gold pieces
 52892 | Vaults:5 | Bought a scroll of fear for 80 gold pieces
 52901 | Vaults:5 | Found Cerussueg's Distillery.
 52913 | Vaults:5 | Found Xuotu's Magic Scroll Shoppe.
 52914 | Vaults:5 | Bought a potion of haste for 230 gold pieces
 52914 | Vaults:5 | Bought a potion of curing for 69 gold pieces
 52914 | Vaults:5 | Bought a potion of invisibility for 184 gold pieces
 52914 | Vaults:5 | Bought a potion of cancellation for 184 gold pieces
 52923 | Vaults:5 | Bought a scroll of teleportation for 66 gold pieces
 52923 | Vaults:5 | Bought a scroll of fear for 88 gold pieces
 52923 | Vaults:5 | Bought a scroll of butterflies for 88 gold pieces
 52958 | Vaults:5 | Identified the +8 morningstar of Belog {protect, rN++
                  | Dex+4}
 53087 | Vaults:5 | Identified the +0 leather armour "Upaqeek" {rElec Dex+2}
 53088 | Vaults:5 | Identified the dragon-blood talisman of Calculation {rC+}
 53210 | Vaults:5 | Found the ring of Shadows {Umbra +Inv Stlth+}
 53214 | Vaults:5 | Got the Handbook of Helpful Wounds
 53224 | Vaults:5 | Identified the +2 ring mail of Qepny {rPois rC+ rN++ Dex-3}
 53318 | Vaults:5 | Reached XP level 22. HP: 199/199 MP: 26/26
 53487 | Vaults:5 | Reached skill level 5 in Evocations
 53600 | Vaults:5 | Killed a dread lich
 53601 | Vaults:5 | Noticed an ancient lich
 53610 | Vaults:5 | Killed an ancient lich
 53621 | Vaults:5 | Identified the +0 chain mail of the Quahog {Int+3 Slay+2}
 54090 | Vaults:5 | Found Wutsuv Boho's Distillery.
 54098 | Vaults:5 | Found Dot Comp's Magic Scroll Shoppe.
 54106 | Vaults:5 | Found Cerussueg's Distillery.
 54446 | Vaults:5 | Found Xuotu's Magic Scroll Shoppe.
 54945 | Crypt:1  | Entered Level 1 of the Crypt
 55638 | Crypt:3  | Entered Level 3 of the Crypt
 55693 | Crypt:3  | Found a staircase to the Tomb.
 55775 | Crypt:3  | Found a runed translucent gate.
 55776 | Crypt:3  | Found a runed translucent gate.
 55776 | Crypt:3  | Found a runed translucent gate.
 55777 | Crypt:3  | Noticed jestert79's ghost (veteran DrWn)
 55778 | Crypt:3  | Noticed Zogul's ghost (veteran MiGl)
 55778 | Crypt:3  | Noticed Micliseo's ghost (adept GrFi)
 55778 | Crypt:3  | Noticed an ancient lich
 55810 | Crypt:3  | Noticed Sojobo
 55855 | Crypt:3  | Killed Sojobo
 55910 | Crypt:3  | Reached skill level 10 in Evocations
 56152 | Crypt:3  | Noticed a curse toe
 56190 | Crypt:3  | Killed a curse toe
 56220 | Crypt:3  | Identified the amulet of Hehad {Faith rF++}
 56247 | Crypt:3  | Got an ivory gem with 676 turns to spare
 56261 | Crypt:3  | Found the +8 storm bow {elec, penet}
 56425 | Crypt:3  | Killed Micliseo's ghost
 56473 | Crypt:3  | Identified the +0 hat of the Game Afoot {Fly rCorr Int+8
                  | Dex-2}
 56477 | Crypt:3  | Identified the amulet of the Echidna {RegenMP *Corrode
                  | Will++ Int+3}
 56533 | Crypt:3  | Killed an ancient lich
 57025 | Depths:3 | Voluntarily entered the Abyss.
 57613 | Abyss:4  | Got an abyssal rune of Zot
 57718 | Depths:3 | Escaped the Abyss
 57845 | Zot:1    | Entered Level 1 of the Realm of Zot
 57868 | Zot:1    | Reached XP level 23. HP: 199/205 MP: 27/27
 57873 | Zot:1    | Reached skill level 23 in Unarmed Combat
 57998 | Zot:1    | Noticed an orb of fire
 58006 | Zot:1    | Gained mutation: You are occasionally teleported next to
                  | monsters. [an orb of fire]
 58012 | Zot:1    | Gained mutation: You are clumsy. (Dex -2) [an orb of fire]
 58014 | Zot:1    | Killed an orb of fire
 58016 | Zot:1    | Lost mutation: You are occasionally teleported next to
                  | monsters. [potion of mutation]
 58016 | Zot:1    | Lost mutation: You are clumsy. (Dex -2) [potion of
                  | mutation]
 58016 | Zot:1    | Gained mutation: Your mind is acute. (Int +4, Str/Dex -1)
                  | [potion of mutation]
 58016 | Zot:1    | Gained mutation: You are resistant to electric shocks.
                  | (rElec) [potion of mutation]
 58016 | Zot:1    | Gained mutation: You passively map a small area around you.
                  | [potion of mutation]
 58154 | Zot:3    | Found the +4 dragonskin cloak
 58154 | Zot:3    | Noticed Tiamat
 58154 | Zot:3    | You are sucked into a shaft and drop 1 floor!
 58327 | Zot:3    | Reached skill level 24 in Unarmed Combat
 58528 | Zot:4    | Noticed a Killer Klown
 58531 | Zot:4    | Noticed a Killer Klown
 58611 | Zot:4    | Killed a Killer Klown
 58621 | Zot:4    | Killed a Killer Klown
 58682 | Zot:5    | Entered Level 5 of the Realm of Zot
 58850 | Zot:5    | Reached skill level 25 in Unarmed Combat
 58878 | Zot:5    | Got a prismatic gem with 201 turns to spare
 58897 | Zot:5    | Noticed an ancient lich
 58906 | Zot:5    | Killed an ancient lich
 58947 | Zot:5    | Noticed an orb of fire
 58954 | Zot:5    | Noticed an orb of fire
 58957 | Zot:5    | Gained mutation: You are clumsy. (Dex -2) [an orb of fire]
 58961 | Zot:5    | Gained mutation: You are vulnerable to heat. (rF-) [an orb
                  | of fire]
 58974 | Zot:5    | Killed an orb of fire
 58984 | Zot:5    | Killed an orb of fire
 59000 | Zot:5    | Noticed an orb of fire
 59015 | Zot:5    | Killed an orb of fire
 59023 | Zot:5    | Lost mutation: Your mind is acute. (Int +4, Str/Dex -1)
                  | [potion of mutation]
 59023 | Zot:5    | Lost mutation: You are resistant to electric shocks.
                  | (rElec) [potion of mutation]
 59024 | Zot:5    | Lost mutation: Your spells are a little easier to cast, but
                  | a little less powerful. [potion of mutation]
 59024 | Zot:5    | Lost mutation: You have a pair of small horns on your head.
                  | [potion of mutation]
 59024 | Zot:5    | Lost mutation: You passively map a small area around you.
                  | [potion of mutation]
 59024 | Zot:5    | Gained mutation: You are dopey. (Int -2) [potion of
                  | mutation]
 59025 | Zot:5    | Lost mutation: You are vulnerable to heat. (rF-) [potion of
                  | mutation]
 59025 | Zot:5    | Lost mutation: You are clumsy. (Dex -2) [potion of
                  | mutation]
 59025 | Zot:5    | Gained mutation: Your muscles are strong. (Str +4, Int/Dex
                  | -1) [potion of mutation]
 59025 | Zot:5    | Gained mutation: You have very sharp teeth. [potion of
                  | mutation]
 59042 | Zot:5    | Noticed an orb of fire
 59045 | Zot:5    | Noticed a Killer Klown
 59046 | Zot:5    | Gained mutation: You have hidden genetic defects. [an orb
                  | of fire]
 59054 | Zot:5    | Killed an orb of fire
 59057 | Zot:5    | Noticed a dread lich
 59073 | Zot:5    | Killed a dread lich
 59082 | Zot:5    | Killed a Killer Klown
 59115 | Zot:5    | Reached XP level 24. HP: 116/218 MP: 27/27
 59170 | Zot:5    | Got the Orb of Zot
 59235 | Zot:3    | Noticed a dread lich
 59243 | Zot:3    | Noticed an orb of fire
 59281 | Zot:4    | Gained mutation: You are very dopey. (Int -4) [hidden
                  | defects]
 59318 | Zot:3    | Noticed an orb of fire
 59377 | Zot:3    | Noticed an ancient lich
 59380 | Zot:3    | Noticed an orb of fire
 59504 | Zot:3    | Noticed Boris
 59523 | Zot:3    | Killed Boris
 59872 | Depths:1 | Noticed a seraph
 60013 | D:11     | Gained mutation: You occasionally shout uncontrollably at
                  | your foes. [hidden defects]
 60013 | D:11     | Lost mutation: You have hidden genetic defects. [hidden
                  | defects expressed]
 60192 | D:3      | Noticed Ereziet the pandemonium lord
 60305 | D:$      | Escaped with the Orb!

Illustrated notes

####### ##..## ##.##..##
.....###### #.......#
....##....###.......##
#######+###..##......)###+.....##
#....##..##..#.........##.......#
#...........##...r#....##...)).##
#..........>##..@###..).#....).#
#...............w#y#._.)#...)).#
#.....(..##.##...###....#.#...###
#...###..#####....#....#####..##.
#...####'# #........)##.'...#..
#...#....# ##.......##..#...#..
#...#....+ ##....####..##..##.
#+#####..# #########..##..##.
#...###..## ##..##..##..#<.....


Turn 22471 on D:14: :trog vault placing on D:14 with rats and ribbon worms?

Levels and vault maps discovered:
D:1:      lemuel_arrival_behind_the_door_large, layout_loops_corners,
          dreamdust_ecumenical_altar_angels_and_demons
D:2:      layout_loops_ring, lightli_corner_chamber
D:3:      layout_basic, lemuel_crystal_altar, nicolae_eternal_life,
          kennysheep_minor_cross
D:4:      layout_rooms, tso_oasis_becter, minmay_temple_entry_statues_fountains,
          nicolae_shop_distant_corner_stores, uniq_natasha, uniq_duvessa,
          uniq_blork_the_orc
D:5:      layout_basic, serial_shops, shop, uniq_sigmund
D:6:      layout_cave_pods, lemuel_coloured_pillars_altar, lemuel_tele_altar,
          serial_column_ruins, column_ruins_courtyard_long, column_ruins_hut,
          column_ruins_corridor_dead_end, column_ruins_open_small,
          column_ruins_corridor_corner, column_ruins_grid_1,
          column_ruins_open_medium_water, column_ruins_corridor_straight,
          serial_shops, nicolae_shop_advertising_works
          [nicolae_subvault_shop_adworks], uniq_pikel
D:7:      layout_loops_ring, dk_yredelemnul_ordeal, uniq_maggie
D:8:      layout_layer_cave, mainiacjoe_overflow_cross_hatched, feat_on_display
D:9:      layout_loops_ring, nicolae_uskayaw_suspiria, david_orc_2,
          grunt_decor_junction, grunt_ministairs_10, uniq_prince_ribbit1
D:10:     layout_loops_ring, mainiacjoe_overflow_surrounded_room,
          nicolae_qazlal_style_of_elements, lemuel_crystal_altar,
          minmay_lair_entry_grove, uniq_erica
D:11:     layout_loops_ring, st_stairs_9, hangedman_minor_magic, uniq_maurice
D:12:     layout_cave_pools
D:13:     layout_roguey, serial_shops, shop, grunt_decor_clamped
D:14:     layout_gridville, hellmonk_vaults_keyhole, solitary_fountain, tgw_trog
D:15:     grunt_enter_depths_hoard, layout_basic,
          nicolae_ru_the_path_less_chosen, uniq_roxanne, uniq_rupert
Lair:1:   layout_hall_layers, grunt_forest_large_clearing_hut, uniq_amaemon,
          uniq_fannar
Lair:2:   layout_regular_city, ebering_ghost_reflecting_pool
Lair:3:   layout_loops_ring, elwin_shoals_entry_rooms,
          nicolae_snake_entry_warm_welcome, basic_altar, roderic_batcave,
          nicolae_lair_grove_arrangements, uniq_snorg
Lair:4:   layout_gridlike, slime_entry_1
Lair:5:   due_jungle_book, layout_regular_city, nicolae_volcano_entry_s_turn,
          lemuel_oklob_altar, lemuel_fruit_tree
Shoals:1: layout_shoals, serial_shops, shop
Shoals:2: layout_shoals, serial_shops, nicolae_shop_pleasant_corner_grove,
          nicolae_shoals_this_corrosion, uniq_frances
Shoals:3: layout_shoals, ebering_ghost_reflecting_pool, hangedman_shoal_volcano
Shoals:4: shoals_end_grunt_ice, layout_shoals, portal_ice_cave_entry_pillars_1,
          serial_shops, nicolae_shop_just_a_little_nook, uniq_polyphemus,
          uniq_bai_suzhen
Snake:1:  layout_layer_cave, uniq_jorgrun, uniq_louise
Snake:2:  layout_layer_cave, nicolae_coiled_stairwell_up, serial_bayou_shore_a
Snake:3:  layout_onion_interference, drop_trap, uniq_mara
Snake:4:  snake_pit_salamanders_mu, layout_cave_town, gammafunk_ghost_necromancy
Slime:1:  layout_caves, nicolae_slime_phagocytosis
Slime:2:  layout_caves, cheibrodos_slime_lost_civilization_6
Slime:3:  layout_caves
Slime:4:  cheibrodos_slime_lost_civilization_10, layout_caves
Slime:5:  slime_pit_nicolae_jellycorners
Orc:1:    layout_caves, serial_shops, shop, basic_altar, minmay_orc_temple_a
Orc:2:    st_orc_elflike, layout_caves, ebering_ghost_disaster_area
Elf:1:    minmay_elf_arrival_circle, layout_rooms, hangedman_elf_disciples,
          uniq_donald
Elf:2:    elven_hall_of_blades_hangedman_original
          [nicolae_blade_entry_hurt_lockers], layout_geoelf_octagon,
          serial_shops, nicolae_shop_back_alley_shop, lemuel_flamethrower_2
Elf:3:    minmay_elf_hall, layout_loops_cross, basic_altar,
          nicolae_elf_big_sculpture_1, uniq_nikola
Vaults:1: nicolae_vaults_windows_and_doors_thing, grunt_vaults_bifocal,
          nicolae_vaults_offset_grid_hallway_1,
          nicolae_vaults_storing_the_good_stuff,
          nicolae_vaults_mini_display_case, ontoclasm_vaults_claustrophobia,
          vaults_room_ringed_pool, nicolae_vaults_cochlea, v_rooms_4,
          vaults_room_pools, layout_vaults_omnibox, serial_shops,
          nicolae_shop_pleasant_corner_grove
Vaults:2: nicolae_vaults_big_angled_halls, nicolae_vaults_trapezoid_4,
          nicolae_vaults_little_squares_3, nicolae_vaults_wine_cellar,
          vaults_dpeg_ring, nicolae_vaults_lightning_bolt,
          vaults_standard_mumra_enter_the_diamond,
          minmay_crypt_entry_vampire_xt, serial_library_hellmonk_reading_circle,
          nicolae_vaults_alarming, hangedman_vaults_slither, v_misc_23,
          nicolae_vaults_diamond_2, v_misc_3, layout_vaults_maze_bifur,
          uniq_mennas, uniq_zenata
Vaults:3: vaults_room_fancy_cross, nicolae_vaults_little_squares_2,
          nicolae_vaults_what_the_h, v_misc_3, v_misc_29,
          nicolae_vaults_little_squares_2, nicolae_vaults_variable_pillar_hall,
          grunt_vaults_diagonal, nicolae_vaults_oval_intersection,
          nicolae_vaults_little_ls, layout_vaults_omnigrid
Vaults:4: nicolae_vaults_border_crossing, nicolae_vaults_arrows,
          nicolae_vaults_shrinking_rooms_2, v_misc_12, v_misc_9, v_misc_17,
          vaults_mumra_lcd, v_misc_9, grunt_vaults_hallway_long,
          serial_library_regret_index_small_wings, nicolae_vaults_tangram_1,
          nicolae_vaults_apartment_2, nicolae_vaults_tetromino_Z_1,
          nicolae_vaults_surprise_closet_hard, nicolae_vaults_tetromino_Z_1,
          layout_vaults_omnicross
Vaults:5
Crypt:1:  layout_rooms, basic_altar, skrybe_necro_troll_2,
          grunt_crypt_arrival_split
Crypt:2:  layout_catacombs, minmay_misc_feat_columns, st_shrine_of_skulls,
          grunt_megastairs_5
Crypt:3:  lightli_unholy_cathedral, layout_chaotic_city,
          nicolae_tomb_entry_unfolded_pyramid_diagonal, gammafunk_ghost_crypt,
          uniq_sojobo
Depths:1: layout_cave_shapes, hell_entry, nrook_mini_vaults, serial_shops, shop,
          minmay_librarian, minmay_shop_grove, serial_bayou_shore_b,
          grunt_megastairs_4
Depths:2: kennysheep_room_grid, layout_long_grid, enter_ziggurat_a,
          rand_demon_pan_entry_3, hell_entry,
          nicolae_gozag_cash_rules_everything_around_me,
          infiniplex_staircase_door_maze, firewood_loft
Depths:3: gammafunk_dig_for_victory, layout_gridlike,
          minmay_misc_feat_more_columns, hell_entry, abyss_entry_glasseish,
          nicolae_shop_dragon_depot, uniq_boris, uniq_jory, uniq_frederick,
          uniq_josephina, uniq_norris
Depths:4: evilmike_zot_entry_round, layout_basic, serial_shops,
          nicolae_diamond_shop, basic_altar, pf_vacation_house_of_asmodeus,
          uniq_margery, uniq_enchantress
Zot:1:    lemuel_firehouse, layout_onion_interference
Zot:2:    layout_basic, regret_index_zotdec_twisting_globes, grunt_megastairs_1
Zot:3:    gammafunk_sealed_library, layout_gridville, skrybe_zot_glass_2,
          uniq_tiamat
Zot:4:    grunt_zot_stairs_faceoff, layout_cellular_growth, uniq_grunn
Zot:5:    layout_cathedral_of_symmetry

Skill      XL: |  1  2  3  4  5  6  7  8  9 10 11 12 13 14 15 16 17 18 19 20 21 22 23 24 |
---------------+-------------------------------------------------------------------------+-----
Short Blades   | 3 4 |  4.0
Fighting       | 2 4 7 10 11 12 13 17 18 20 | 20.5
Throwing       | 3 4 5 |  5.0
Evocations     | 2 3 4 12 | 12.0
Armour         | 3 4 5 6 8 10 11 12 15 | 15.0
Unarmed Combat | 4 8 10 12 14 15 17 19 20 22 25 | 25.0
Dodging        | 9 10 15 17 21 | 21.3
Shields        | 5 10 12 | 12.0
Stealth        | 4 |  4.0
Polearms       | |  1.7

Action                     |  1- 3 |  4- 6 |  7- 9 | 10-12 | 13-15 | 16-18 | 19-21 | 22-24 || total
---------------------------+-------+-------+-------+-------+-------+-------+-------+-------++-------
  Melee: Short sword       |   198 |   208 |   139 |       |       |       |       |       ||   545
         Punch             |     2 |     3 |    28 |    92 |   142 |       |       |       ||   267
         Unarmed           |       |       |   336 |   849 |  1791 |  2388 |  2139 |  1906 ||  9409
         Headbutt          |       |       |       |       |       |       |   168 |   589 ||   757
         Bite              |       |       |       |       |       |       |       |    67 ||    67
  Throw: Stone             |     7 |     3 |    14 |    18 |       |       |       |       ||    42
         Dart              |       |       |       |    44 |    37 |     1 |     1 |       ||    83
         Boomerang         |       |       |       |       |    17 |    38 |    73 |    52 ||   180
         Throwing net      |       |       |       |       |     1 |     2 |     7 |       ||    10
         Javelin           |       |       |       |       |       |       |     1 |       ||     1
  Evoke: Wand              |       |     4 |    46 |    25 |     8 |    25 |    12 |    14 ||   134
         Condenser vane    |       |       |       |       |       |       |       |     1 ||     1
    Use: Scroll            |     1 |       |     8 |    14 |    24 |    21 |    16 |    17 ||   101
         Potion            |       |       |     4 |     1 |     9 |    10 |    19 |    40 ||    83
   Stab: Distracted        |       |       |     1 |       |       |     1 |     4 |     6 ||    12
         Paralysed         |       |       |       |     5 |    11 |    13 |     1 |       ||    30
         Invisible         |       |       |       |     4 |     7 |       |     8 |       ||    19
         Fleeing           |       |       |       |       |       |     1 |       |       ||     1
         Held in net/web   |       |       |       |       |       |     4 |     2 |       ||     6
         Sleeping          |       |       |       |       |       |       |     3 |    13 ||    16
         Petrified         |       |       |       |       |       |       |       |     3 ||     3
         Petrifying        |       |       |       |       |       |       |       |     1 ||     1
 Armour: Scale mail        |    78 |       |       |       |       |       |       |       ||    78
         Plate armour      |    42 |    80 |       |       |       |       |       |       ||   122
         Chain mail        |     1 |    66 |   354 |   555 |   806 |   851 |   381 |       ||  3014
         Acid dragon scale |       |       |       |       |       |       |   280 |   437 ||   717
  Dodge: Dodged            |    60 |    41 |   306 |   525 |  1536 |  1237 |  1218 |  1119 ||  6042
  Block: Buckler           |       |       |       |       |   235 |    23 |       |       ||   258
         Kite shield       |       |       |       |       |       |  1828 |  1505 |  1433 ||  4766

Table legend: (Time is in decaauts)
 A = Elapsed time spent in this place.
 B = Non-inter-level travel time spent in this place.
 C = Inter-level travel time spent in this place.
 D = Time resting spent in this place.
 E = Time spent auto-exploring this place.
 F = Levels seen in this place.
 G = Mean time per level.
                   A        B        C        D        E       F      G
               +--------+--------+--------+--------+--------+-----+--------+
         Total |  60591 |  54328 |   6263 |   2042 |  31059 |  61 |  993.3 |
       Dungeon |  19010 |  15329 |   3681 |    328 |  10681 |  15 | 1267.3 |
          Lair |   8431 |   7539 |    892 |    331 |   5227 |   5 | 1686.2 |
        Shoals |   4625 |   4405 |    220 |    250 |   2657 |   4 | 1156.2 |
     Snake Pit |   7715 |   7538 |    177 |    798 |   4214 |   4 | 1928.8 |
    Slime Pits |    595 |    595 |      0 |      0 |      0 |   5 |  119.0 |
  Orcish Mines |   1870 |   1628 |    242 |     68 |   1063 |   2 |  935.0 |
   Elven Halls |   1479 |   1449 |     30 |      5 |    380 |   3 |  493.0 |
        Vaults |  10399 |   9559 |    840 |     87 |   6819 |   5 | 2079.8 |
         Crypt |   1561 |   1561 |      0 |      0 |      0 |   3 |  520.3 |
        Depths |   2412 |   2236 |    176 |      0 |      0 |   4 |  603.0 |
           Zot |   1375 |   1375 |      0 |     93 |      0 |   5 |  275.0 |
         Abyss |    631 |    631 |      0 |      0 |     16 |   4 |  157.8 |
      Ice Cave |    144 |    144 |      0 |     33 |      0 |   1 |  144.0 |
       Volcano |    337 |    337 |      0 |     47 |      0 |   1 |  337.0 |
               +--------+--------+--------+--------+--------+-----+--------+

Top non-repeatable levels by time:
 Snake:4: 3321 daAuts
Vaults:2: 2618 daAuts
  Lair:4: 2404 daAuts
Vaults:5: 2325 daAuts
     D:9: 2202 daAuts
Vaults:4: 2095 daAuts
 Snake:3: 2069 daAuts
     D:8: 1884 daAuts
Vaults:1: 1837 daAuts
    D:15: 1722 daAuts
  Lair:3: 1650 daAuts
     D:6: 1623 daAuts
  Lair:1: 1571 daAuts
Vaults:3: 1522 daAuts
  Lair:5: 1435 daAuts
